 Dungeon Crawl Stone Soup version 0.24.0-13-gcf9b3192b9 (webtiles) character file.

Game seed: 13591558972133519429, levelgen mode: deterministic

3413 Quickbrownfox the Twirler (level 9, -4/75 HPs)
             Began as a Purple Draconian Skald on Nov 6, 2019.
             Was a Believer of Fedhas.
             Slain by a sky beast (6 damage)
             ... on level 8 of the Dungeon.
             The game lasted 00:23:03 (6771 turns).

Quickbrownfox the Twirler (Purple Draconian Skald)  Turns: 6771, Time: 00:23:04

Health: -4/75      AC: 12    Str: 16    XL:     9   Next: 76%
Magic:  15/16      EV: 14    Int: 15    God:    Fedhas [**....]
Gold:   159        SH:  0    Dex: 10    Spells: 6/17 levels left

rFire    . . .     SeeInvis .   y - +3 quarterstaff (chaos)
rCold    . . .     Gourm    .   (shield currently unavailable)
rNeg     . . .     Faith    .   (armour unavailable)
rPois    .         Spirit   .   (helmet restricted)
rElec    .         Reflect  .   D - +1 cloak
rCorr    .         Harm     .   h - +2 pair of gloves
MR       +....                  (no boots)
Stlth    ++........             (no amulet)
HPRegen  0.22/turn              (no ring)
MPRegen  0.15/turn              (no ring)

@: very slightly contaminated
A: breathe power, unfitting armour, cold-blooded, AC +7
a: Breathe Dispelling Energy, Wall of Briars, Renounce Religion


You were on level 8 of the Dungeon.
You worshipped Fedhas.
Fedhas was pleased with you.
You were not hungry.

You visited 2 branches of the dungeon, and saw 9 of its levels.

You collected 159 gold pieces.

Inventory:

Hand Weapons
 a - a +0 hand axe
 g - a +2 dagger of draining
 i - a +3 dagger
 l - a +1 whip of electrocution
 s - a +1 quarterstaff of draining
 y - a +3 quarterstaff of chaos (weapon)
Missiles
 A - 3 javelins (quivered)
 B - 8 silver javelins
Armour
 h - a +2 pair of gloves (worn)
 D - a +1 cloak (worn)
Wands
 o - a wand of iceblast (7)
 r - a wand of acid (7)
 w - a wand of random effects (12)
 E - a wand of paralysis (7)
Scrolls
 b - a scroll of magic mapping {unknown}
 e - 4 scrolls of remove curse
 f - a scroll of fog {unknown}
 j - a scroll of amnesia
 m - 2 scrolls of teleportation {unknown}
 n - 3 scrolls of fear
 q - 2 scrolls of vulnerability {unknown}
 u - a scroll of enchant weapon {unknown}
 x - a scroll of random uselessness {unknown}
 z - a scroll of holy word
Potions
 d - a potion of resistance
 k - 4 potions of brilliance
 p - a potion of curing
 t - a potion of berserk rage {unknown}
 v - 2 potions of might
 C - a potion of agility
Comestibles
 c - 12 rations


   Skills:
 + Level 6.1 Fighting
 + Level 4.2 Short Blades
 + Level 2.6 Axes
 + Level 7.2 Staves
 + Level 5.6 Dodging
 + Level 3.8 Stealth
 + Level 4.9 Spellcasting
 + Level 5.7 Charms
 + Level 1.8 Translocations


You had 6 spell levels left.
You knew the following spells:

 Your Spells              Type           Power        Failure   Level  Hunger
a - Infusion              Chrm           ###.         1%          1    None
b - Song of Slaying       Chrm           ###.....     2%          2    ##.....
c - Shroud of Golubria    Chrm/Tloc      ###...       5%          2    ##.....
d - Regeneration          Chrm/Necr      ##........   16%         3    ###....
e - Spectral Weapon       Hex/Chrm       ##......     16%         3    ###....

Your spell library contained the following spells:

 Spells                   Type           Power        Failure   Level  Hunger


Dungeon Overview and Level Annotations

Branches:
Dungeon (8/15)             Temple (1/1) D:4
   Lair: D:8-11

Altars:
Ashenzari
Cheibriados
Dithmenos
Elyvilon
Fedhas
Gozag
Hepliaklqana
Kikubaaqudgha
Makhleb
Nemelex Xobeh
Qazlal
Ru
Trog
Uskayaw
Xom
Yredelemnul
Zin


Innate Abilities, Weirdness & Mutations

You can breathe bolts of dispelling energy.
Your rich purple scales are hard. (AC +7)
You cannot fit into any form of body armour.
You are cold-blooded and may be slowed by cold attacks.


Message History

You miss something. You tail-slap something.
Something hits you but does no damage.
You miss something. Something hits you but does no damage.
You hit something. Something hits you but does no damage.
You completely miss something. Something hits you.
* * * LOW HITPOINT WARNING * * *
Something shocks you.
* * * LOW HITPOINT WARNING * * *
Something hits you but does no damage.
You closely miss something. Something barely misses you.
You miss something. Something hits you.
* * * LOW HITPOINT WARNING * * *
Something shocks you.
* * * LOW HITPOINT WARNING * * *
Something hits you but does no damage.
You miss something.
Your tail-slap misses something.
Something hits you.
* * * LOW HITPOINT WARNING * * *
Something shocks you.
You die...
Fedhas appreciates your contribution to the ecosystem.

#.....#....
#.....#....
#.....##'##
###.......# #.......#
#.......# ####
#####.......#
#####..###....########
+...{@...'....#
#........#....#
#........#....#
##########....# ######


There were no monsters in sight!

Vanquished Creatures
  Harold (D:8)
  A two-headed ogre (D:8)
  Pikel (Temple)
  A sky beast (D:7)
  A slave (Temple)
  2 phantoms
  2 centaurs
  3 bullfrogs
  6 killer bees (D:7)
  An electric eel (D:6)
  A crimson imp (D:7)
  A jelly (D:8)
  5 orc wizards
  A bullfrog skeleton (D:6)
  Crazy Yiuf (D:4)
  2 hounds
  A centaur skeleton (D:4)
  Natasha (twice) (D:4)
  5 worker ants
  A hound skeleton (D:5)
  A worker ant zombie (D:6)
  4 gnolls (D:2)
  7 adders
  2 shadow imps
  3 oozes (D:2)
  3 adder skeletons
  A worm (D:2)
  2 dart slugs
  3 leopard geckos
  10 orcs
  3 ball pythons (D:2)
  4 bats
  3 giant cockroaches (D:1)
  8 goblins
  3 hobgoblins
  7 jackals
  2 quokkas
  4 frilled lizards
  A jackal skeleton (D:4)
  3 kobolds (D:2)
  4 rats
117 creatures vanquished.

Vanquished Creatures (others)
  A howler monkey (D:4)
  An iguana (D:4)
  Natasha (D:4)
  An adder (D:4)
  A jackal skeleton (D:4)
5 creatures vanquished.

Grand Total: 122 creatures vanquished

Notes
Turn   | Place    | Note
-------+----------+-------------------------------------------
     0 | D:1      | Quickbrownfox the Draconian Skald began the quest for the
                  | Orb.
     0 | D:1      | Reached XP level 1. HP: 17/17 MP: 3/3
   219 | D:1      | Reached XP level 2. HP: 17/24 MP: 5/5
   806 | D:2      | Reached XP level 3. HP: 20/30 MP: 6/6
  1049 | D:2      | Learned a level 2 spell: Song of Slaying
  1052 | D:2      | Learned a level 2 spell: Shroud of Golubria
  1056 | D:2      | Found a sacrificial altar of Ru.
  1211 | D:2      | Found a shattered altar of Ashenzari.
  1440 | D:2      | Reached XP level 4. HP: 22/38 MP: 1/7
  1494 | D:2      | HP: 1/38 [gnoll/+1 whip of electrocution (8)]
  2266 | D:3      | Found a bloodstained altar of Trog.
  2342 | D:3      | Reached XP level 5. HP: 45/45 MP: 8/8
  2655 | D:3      | Found a blossoming altar of Fedhas.
  2663 | D:3      | Became a worshipper of Fedhas Madash
  2997 | D:4      | Noticed a slave
  2997 | D:4      | Noticed a slave
  2999 | D:4      | Noticed a slave
  3001 | D:4      | Noticed Pikel
  3017 | D:4      | Reached skill level 1 in Short Blades
  3018 | D:4      | Noticed Natasha
  3048 | D:4      | Found a staircase to the Ecumenical Temple.
  3055 | Temple   | Entered the Ecumenical Temple
  3069 | Temple   | Killed a slave
  3425 | Temple   | Killed Pikel
  3425 | Temple   | Reached skill level 1 in Stealth
  3425 | Temple   | Reached skill level 1 in Translocations
  3425 | Temple   | Reached XP level 6. HP: 10/52 MP: 6/10
  3425 | Temple   | Your scales start taking on a rich purple colour.
  3425 | Temple   | Reached XP level 7. HP: 11/58 MP: 7/12
  3685 | Temple   | Reached skill level 5 in Charms
  3748 | D:4      | Killed Natasha
  3895 | D:4      | Found an opulent altar of Gozag.
  3914 | D:4      | Noticed Natasha
  3922 | D:4      | Killed Natasha
  3925 | D:4      | Reached * piety under Fedhas
  3931 | D:4      | Noticed Natasha
  3937 | D:4      | Killed Natasha
  4161 | D:4      | Found a runed translucent door.
  4162 | D:4      | Noticed Crazy Yiuf
  4179 | D:4      | Killed Crazy Yiuf
  4436 | D:5      | Entered Level 5 of the Dungeon
  4728 | D:5      | Reached skill level 1 in Staves
  4728 | D:5      | Reached XP level 8. HP: 41/67 MP: 14/14
  4733 | D:5      | Learned a level 3 spell: Regeneration
  4737 | D:5      | Learned a level 3 spell: Spectral Weapon
  4971 | D:5      | Reached skill level 2 in Staves
  5185 | D:6      | Found a sparkling altar of Nemelex Xobeh.
  5253 | D:6      | Reached skill level 3 in Staves
  5886 | D:7      | Reached skill level 5 in Dodging
  5891 | D:7      | Reached skill level 5 in Fighting
  5899 | D:7      | Reached skill level 4 in Staves
  6356 | D:7      | Reached XP level 9. HP: 71/74 MP: 14/16
  6529 | D:8      | Found a hide-covered altar of Uskayaw.
  6535 | D:8      | Reached ** piety under Fedhas
  6607 | D:8      | Noticed Harold
  6619 | D:8      | Killed Harold
  6619 | D:8      | Reached skill level 6 in Staves
  6708 | D:8      | Noticed a two-headed ogre
  6729 | D:8      | Killed a two-headed ogre
  6729 | D:8      | Reached skill level 7 in Staves
  6771 | D:8      | HP: 2/75 [something (4)]
  6771 | D:8      | Slain by a sky beast

Levels and vault maps discovered:
D:1:      ncdulo_halloftheorcs, layout_loops_ring, st_stairs_14
D:2:      layout_loops_ring, nicolae_ashenzari_panopticon,
          nicolae_ru_sacrificial_ziggurat
D:3:      layout_loops_corners, nicolae_overflow_crystal_walls, fedhas_altar_4
D:4:      layout_basic, nicolae_gozag_cash_rules_everything_around_me,
          minmay_temple_entry_sparse_star, first_ration, uniq_natasha,
          uniq_crazy_yiuf_cottage, uniq_pikel
D:5:      layout_basic
D:6:      layout_loops_corners, nemelex_xobeh_ov_fountains_minmay,
          nrook_pool_corridor
D:7:      layout_basic
D:8:      layout_gridville, nicolae_overflow_hidden_temple, kennysheep_mini,
          basic_altar, uniq_harold
Temple:   cyrus_circular_temple

Skill      XL: |  1  2  3  4  5  6  7  8  9 |
---------------+----------------------------+-----
Charms         | 3 4 5 |  5.7
Fighting       | 3 4 5 6 |  6.1
Short Blades   | 2 3 4 |  4.2
Dodging        | 4 5 |  5.6
Stealth        | 1 2 3 |  3.8
Spellcasting   | 3 4 |  4.9
Translocations | 1 |  1.8
Staves         | 1 4 7 |  7.2
Axes           | |  2.6

Action                   |  1- 3 |  4- 6 |  7- 9 || total
-------------------------+-------+-------+-------++-------
Melee: Hand axe          |    76 |       |       ||    76
       Tailslap          |    12 |    15 |    31 ||    58
       Dagger            |    25 |    85 |   135 ||   245
       Quarterstaff      |       |       |   165 ||   165
 Cast: Infusion          |     4 |     5 |    13 ||    22
       Shroud of Golubri |     1 |     5 |     6 ||    12
       Song of Slaying   |       |     1 |     1 ||     2
  Use: Scroll            |       |     3 |     4 ||     7
       Potion            |       |     1 |     1 ||     2
 Stab: Petrified         |       |       |     5 ||     5
       Petrifying        |       |       |     1 ||     1
       Sleeping          |       |       |     3 ||     3
  Eat: Chunk             |     1 |     1 |     8 ||    10
       Ration            |       |     2 |     1 ||     3
Armor: Skin              |    29 |    35 |    97 ||   161
Dodge: Dodged            |    72 |    77 |   190 ||   339
